 Dungeon Sprint DCSS version 0.30.1-11-g7821555f0a (webtiles) character file.

Game seed: 18289329771398505754

163 Heoruswealwe the Spear-Bearer (level 5, -4/52 HPs)
             Began as a Minotaur Fighter on Dec 15, 2023.
             Slain by an iguana (11 damage)
             ... in the Dungeon (Sprint IX: "|||||||||||||||||||||||||||||").
             The game lasted 00:00:26 (61 turns).

Heoruswealwe the Spear-Bearer (Minotaur Fighter)      Turns: 61, Time: 00:00:26

Health: -4/52      AC:  3    Str: 22    XL:     5   Next: 20%
Magic:  4/4        EV:  9    Int:  5    God:
Gold:   0          SH:  4    Dex: 10    Spells: 4/4 levels left

rFire   . . .        a - +0 trident
rCold   . . .        d - +0 buckler
rNeg    . . .        c - +0 scale mail
rPois   .            (helmet restricted)
rElec   .            (no cloak)
rCorr   .            (no gloves)
SInv    .            (no boots)
Will    .....        (no amulet) Stlth
                     (no ring)
HPRegen 0.28/turn    (no ring)
MPRegen 0.09/turn

%: no teleportation
@: corroded
A: horns 2, retaliatory headbutt
a: no special abilities


You were in the Dungeon.
You visited 1 branch

Inventory:

Hand Weapons
 a - a +0 trident (weapon)
Armour
 c - a +0 scale mail (worn)
 d - a +0 buckler (worn)
Scrolls
 j - a scroll of blinking
Potions
 b - a potion of might
 e - a potion of curing
 f - a potion of heal wounds
 g - a potion of haste
 i - a potion of berserk rage


   Skills:
 + Level 7.3 Fighting
 * Level 9.3 Polearms
 + Level 7.3 Armour
 - Level 3.6 Shields


You had 4 spell levels left.
You didn't know any spells.
Your spell library was empty.

Dungeon Overview and Level Annotations

Branches:
Dungeon (1/1)

Altars:


Innate Abilities, Weirdness & Mutations

You have a pair of horns on your head.
You reflexively headbutt those who attack you in melee.


Message History

You hit the iguana but do no damage.
The iguana is heavily wounded.
The iguana bites you!
You hit the iguana.
The iguana is almost dead.
The iguana bites you but does no damage.
You hit the iguana.
You kill the iguana!
You hit the jelly. The acid corrodes you!
Your hands burn!
You headbutt the jelly.
The jelly is lightly wounded.
You hit the jelly but do no damage.
Your hands burn!
You headbutt the jelly!
The jelly is severely wounded.
The jelly misses you. You furiously retaliate!
You headbutt the jelly!
You kill the jelly!
Your Fighting skill increases to level 7!
Your Polearms skill increases to level 9!
Your Armour skill increases to level 7!
You have reached level 5!
The iguana barely misses you.
There is an open door here.
Things that are here:
an iguana corpse; an iguana corpse You puncture the iguana!
You headbutt the iguana, but do no damage.
The iguana is severely wounded.
The iguana barely misses you.
You completely miss the iguana. Your headbutt misses the iguana.
The iguana is severely wounded.
The iguana bites you!
* * * LOW HITPOINT WARNING * * *
You completely miss the iguana.
You headbutt the iguana, but do no damage.
The iguana is severely wounded.
The iguana bites you.
* * * LOW HITPOINT WARNING * * *
You hit the iguana but do no damage.
The iguana is severely wounded.
The iguana bites you!
You die...

▓+▓
▓.▓
▓.▓
▓.▓
▓.▓
▓l▓
▓@▓
▓.▓
▓.▓
▓.▓
▓.▓
▓.▓
▓)▓
▓.▓
▓!▓


You could see an iguana.

Vanquished Creatures
  A phantom (D)
  A jelly (D)
  2 iguanas (D)
  2 endoplasms (D)
  A giant cockroach (D)
  A ball python (D)
  A kobold (D)
9 creatures vanquished.

Notes
Turn   | Place    | Note
-------+----------+-------------------------------------------
     0 | D        | Heoruswealwe the Minotaur Fighter began the quest for the
                  | Orb.
     0 | D        | Reached XP level 1. HP: 19/19 MP: 0/0
    11 | D        | Reached skill level 3 in Polearms
    34 | D        | Noticed an iguana
    34 | D        | Noticed a jelly
    34 | D        | Noticed an iguana
    34 | D        | Noticed an iguana
    34 | D        | Noticed a phantom
    46 | D        | Killed a phantom
    47 | D        | Reached skill level 7 in Polearms
    47 | D        | Reached XP level 2. HP: 17/30 MP: 1/1
    47 | D        | Reached XP level 3. HP: 21/37 MP: 2/2
    47 | D        | Reached XP level 4. HP: 24/44 MP: 3/3
    49 | D        | Reached skill level 8 in Polearms
    57 | D        | Reached skill level 9 in Polearms
    57 | D        | Reached XP level 5. HP: 20/52 MP: 4/4
    61 | D        | Slain by an iguana

Illustrated notes

Levels and vault maps discovered:
D:        linesprint [early_d, line_temple, items_1, d_10, items_2, lair_1,
          lair_end, items_3, orc_1, orc_end, items_4, d_15, swamp_1, shoals_1,
          snake_1, spider_1, d_20, vaults_1, items_5, swamp_end, shoals_end,
          snake_end, spider_end, vaults_end, d_27, items_6, zot_1, zot_end,
          crypt_end, forest_end, elf_end, slime_end, tomb_end, abyss_end,
          pan_hell_end]

Skill      XL: |  1  2  3  4 |
---------------+-------------+-----
Polearms       | 7 9 |  9.3
Fighting       | 6 7 |  7.3
Armour         | 6 7 |  7.3
Shields        | |  3.6

Action                     |  1- 3 |  4- 6 || total
---------------------------+-------+-------++-------
  Melee: Trident           |    22 |    14 ||    36
         Headbutt          |     3 |     5 ||     8
 Armour: Scale mail        |     6 |     2 ||     8
  Dodge: Dodged            |     5 |     7 ||    12
  Block: Buckler           |     5 |       ||     5
